 Dungeon Crawl Stone Soup version 0.30-a0-1123-gabc949cf19 (webtiles) character file.

Game seed: 2249072644985247206

424 Sobieck the Digger (level 6, -1/32 HPs)
             Began as a Gargoyle Earth Elementalist on Apr 22, 2023.
             Killed from afar by Ijyb (9 damage)
             ... with a puff of flame
             ... on level 4 of the Dungeon.
             The game lasted 00:09:22 (3520 turns).

Sobieck the Digger (Gargoyle Earth Elementalist)    Turns: 3520, Time: 00:09:23

Health: -1/32      AC: 13    Str: 12    XL:     6   Next: 96%
Magic:  10/12      EV: 11    Int: 17    God:
Gold:   255        SH:  0    Dex: 10    Spells: 7/13 levels left

rFire   . . .        k - +0 sling
rCold   . . .        (no shield)
rNeg    + . .        M - +1 robe "Noelauq" {+Inv}
rPois   ∞            (no helmet)
rElec   +            z - +0 cloak
rCorr   .            y - +2 pair of gloves
SInv    .            c - +1 pair of boots
Will    .....        (no amulet)
Stlth   ++           (no ring)
HPRegen 0.25/turn    (no ring)
MPRegen 0.13/turn

%: no passive effects
@: no status effects
A: sickness immunity, AC +4, negative energy resistance 1, electricity
resistance, torment resistance 1, petrification resistance
a: Evoke Invisibility


You were on level 4 of the Dungeon.
You visited 1 branch of the dungeon, and saw 4 of its levels.

You collected 255 gold pieces.


Innate Abilities, Weirdness & Mutations

You are immune to sickness and miasma.
Your stone body is resilient. (AC +4)
You are immune to poison.
You resist negative energy. (rN+)
You are resistant to electric shocks. (rElec)
You are resistant to unholy torment.
You are immune to petrification.


   Skills:
 - Level 1.5 Dodging
 - Level 2.1 Stealth
 + Level 4.2 Spellcasting
 + Level 3.6 Conjurations
 - Level 0.7 Transmutations
 + Level 6.2 Earth Magic


You had 7 spell levels left.
You knew the following spells:

 Your Spells              Type           Power      Damage    Failure   Level
a - Sandblast             Erth           48%        2d12      1%          1
b - Stone Arrow           Conj/Erth      40%        3d9       6%          3
c - Passwall              Tmut/Erth      12%        N/A       5%          2

Your spell library contained the following spells:

 Spells                   Type           Power      Damage    Failure   Level
 Lesser Beckoning         Tloc           6%         N/A       24%         2
 Petrify                  Tmut/Erth      15%        N/A       36%         4
 Gell's Gravitas          Tloc           3%         N/A       43%         3
 Inner Flame              Hex/Fire       3%         N/A       43%         3
 Teleport Other           Tloc           3%         N/A       43%         3
 Yara's Violent Unravell  Hex/Tmut       2%         3d3       98%         5
 Enfeeble                 Hex            1%         N/A       100%        7

Inventory:

Hand Weapons
 f - a +0 antimagic dagger {short}
   (You took it off a goblin on level 1 of the Dungeon)
 g - a +0 short sword {short}
   (You found it on level 1 of the Dungeon)
 h - a +0 short sword {short}
   (You took it off a kobold on level 1 of the Dungeon)
 k - a +0 sling (weapon)
   (You found it on level 1 of the Dungeon)
 s - a +3 dagger {short}
   (You took it off a kobold on level 2 of the Dungeon)
 B - a +2 flail of holy wrath {mace}
   (You took it off a gnoll on level 2 of the Dungeon)
 F - a +2 short sword of venom {short}
   (You took it off an orc on level 3 of the Dungeon)
 O - a +1 falchion of electrocution {long}
   (You took it off an orc on level 4 of the Dungeon)
Missiles
 e - 36 stones {throwing}
 r - 3 silver boomerangs {throwing}
Armour
 a - a +0 robe
 c - a +1 pair of boots (worn)
   (You found it on level 1 of the Dungeon)
 m - a +0 leather armour
   (You found it on level 1 of the Dungeon)
 p - a +0 ring mail
   (You found it on level 1 of the Dungeon)
 t - a +0 leather armour
   (You found it on level 2 of the Dungeon)
 u - the +0 ring mail of Vubrax {Slay+3}
   (You found it on level 2 of the Dungeon)

   Slay:      It affects your accuracy & damage with ranged weapons and melee
   (+3).
 w - a +0 ring mail
   (You found it on level 2 of the Dungeon)
 y - a +2 pair of gloves (worn)
   (You found it on level 2 of the Dungeon)
 z - a +0 cloak (worn)
   (You found it on level 2 of the Dungeon)
 C - a +0 ring mail
   (You took it off a gnoll on level 2 of the Dungeon)
 E - a +0 robe
   (You took it off an orc wizard on level 3 of the Dungeon)
 G - a +0 ring mail
   (You took it off an orc on level 3 of the Dungeon)
 H - a +0 ring mail
   (You took it off an orc on level 3 of the Dungeon)
 K - a +0 robe
   (You found it on level 3 of the Dungeon)
 M - the +1 robe "Noelauq" (worn) {+Inv}
   (You found it on level 4 of the Dungeon)

   +Inv:      It lets you turn invisible.
 P - a +0 chain mail
   (You took it off an orc on level 4 of the Dungeon)
Magical Staves
 I - a staff of fire {!astaff}
   (You found it on level 3 of the Dungeon)
Jewellery
 q - a ring of fire
   (You found it on level 2 of the Dungeon)
Wands
 Q - a wand of charming (7)
   (You found it on level 4 of the Dungeon)
Scrolls
 i - a scroll of brand weapon {unknown}
 n - 4 scrolls of identify {unknown}
 o - a scroll of poison {unknown}
 v - 2 scrolls of amnesia {unknown}
 x - a scroll of enchant armour {unknown}
 A - a scroll of teleportation {unknown}
 D - 2 scrolls of noise {unknown}
 L - a scroll of butterflies {unknown}
 R - a scroll of enchant weapon {unknown}
Potions
 b - 3 potions of magic
 d - 5 potions of curing {unknown}
 j - a potion of flight {unknown}
 l - 3 potions of might {unknown}
 J - a potion of heal wounds {unknown}
 N - 2 potions of lignification {unknown}

Dungeon Overview and Level Annotations

Branches:
Dungeon (4/15) Zot: 20349
 Temple: D:4-7

Altars:
Dithmenos
Qazlal
Vehumet

Shops:
D:2 =

Annotations:
D:4 Ijyb

#.# #..........# #
#######.###.#######..#
..............# #..# #
#######.###.#.# #..# #
#####.# #.#.## #..# #
#...#.###..#.####..# #
#.......g)###......#
##
#...#####..#..####.#
.# ##.## #.#@..## #.#
.# #.# #..###.# #.#
.######.# #).# #.###.#
)).)....# #..###.....#
.######## ###...######
.# #########..# .#
#..........# .#
#.#######.## .# #.#
#.#


You could see Ijyb.


Message History

Confirm with . or Enter, or press ? or * to list all spells.
Aiming: Sandblast (safe; 1% risk of failure)
Press: ? - help, Shift-Dir - straight line, f - Ijyb
Aim: Ijyb, wielding a +0 club, wearing a +3 leather armour of fire resistance and carrying a wand of flame (12) (severely wounded, 79% to hit)
The blast of sand hits Ijyb.
Ijyb hits you but does no damage.
Ijyb zaps a wand.
The puff of flame hits you but does no damage.
Casting: Sandblast (safe; 1% risk of failure)
Confirm with . or Enter, or press ? or * to list all spells.
Aiming: Sandblast (safe; 1% risk of failure)
Press: ? - help, Shift-Dir - straight line, f/p - Ijyb
Aim: Ijyb, wielding a +0 club, wearing a +3 leather armour of fire resistance and carrying a wand of flame (11) (almost dead, 79% to hit)
The blast of sand hits Ijyb but does no damage.
Ijyb barely misses you.
Casting: Sandblast (safe; 1% risk of failure)
Confirm with . or Enter, or press ? or * to list all spells.
Aiming: Sandblast (safe; 1% risk of failure)
Press: ? - help, Shift-Dir - straight line, f/p - Ijyb
Aim: Ijyb, wielding a +0 club, wearing a +3 leather armour of fire resistance and carrying a wand of flame (11) (almost dead, 79% to hit)
The blast of sand hits Ijyb.
Ijyb closely misses you. The gnoll bouda completely misses you.
The gnoll bouda hits you with a +0 whip.
Ijyb misses you.
Casting: Sandblast (safe; 1% risk of failure)
Confirm with . or Enter, or press ? or * to list all spells.
Aiming: Sandblast (safe; 1% risk of failure)
Press: ? - help, Shift-Dir - straight line, f/p - Ijyb
Aim: Ijyb, wielding a +0 club, wearing a +3 leather armour of fire resistance and carrying a wand of flame (11) (almost dead, 79% to hit)
The blast of sand misses Ijyb.
The gnoll closely misses you.
The gnoll bouda hits you but does no damage.
Ijyb hits you with a +0 club.
* * * LOW HITPOINT WARNING * * *
The gnoll hits you with a +0 flail.
* * * LOW HITPOINT WARNING * * *
Unknown command.
Ijyb attacks as you move away! Ijyb hits you but does no damage.
The gnoll bouda attacks as you move away!
The gnoll bouda hits you with a +0 whip!
* * * LOW HITPOINT WARNING * * *
Unknown command.
Unknown command.
The gnoll is no longer moving quickly.
Unknown command.
Magic courses through your body. Ijyb barely misses you.
Unknown command.
Casting: Sandblast (safe; 1% risk of failure)
Confirm with . or Enter, or press ? or * to list all spells.
Aiming: Passwall (safe; 5% risk of failure)
Press: ? - help, Dir - move target, p - Ijyb A rock wall.
Ijyb hits you but does no damage.
You begin to meditate on the wall.
You continue meditating on the rock.
Ijyb hits you with a +0 club.
* * * LOW HITPOINT WARNING * * *
You continue meditating on the rock.
Ijyb hits you but does no damage.
You continue meditating on the rock.
Ijyb hits you but does no damage.
The gnoll bouda barks out a call to the hunt!
The gnolls pick up the pace!
You finish merging with the rock.
Danger!
You see here a +0 whip {mace}.
You see here a +0 club {mace}.
You start resting.
Ijyb is nearby!
Danger!
Unknown command.
Unknown command.
You are too injured to fight recklessly!
You are too injured to fight recklessly!
Casting: Passwall (safe; 5% risk of failure)
Confirm with . or Enter, or press ? or * to list all spells.
Aiming: Sandblast (safe; 1% risk of failure)
Press: ? - help, Shift-Dir - straight line, f - you
Okay, then.
Aiming: Sandblast (safe; 1% risk of failure)
Press: ? - help, Q - select action, (/) - cycle Shift-Dir - straight line, f - you
Okay, then.
Unknown command.
Unknown command.
You are too injured to fight recklessly!
Unknown command.
Casting: Sandblast (safe; 1% risk of failure)
Confirm with . or Enter, or press ? or * to list all spells.
Aiming: Sandblast (safe; 1% risk of failure)
Press: ? - help, Shift-Dir - straight line, f - Ijyb
Aim: Ijyb, wielding a +0 club, wearing a +3 leather armour of fire resistance and carrying a wand of flame (11) (almost dead, 79% to hit)
The blast of sand hits Ijyb but does no damage.
Ijyb zaps a wand.
The puff of flame hits you.
* * * LOW HITPOINT WARNING * * *
Casting: Sandblast (safe; 1% risk of failure)
Confirm with . or Enter, or press ? or * to list all spells.
Aiming: Sandblast (safe; 1% risk of failure)
Press: ? - help, Shift-Dir - straight line, f/p - Ijyb
Aim: Ijyb, wielding a +0 club, wearing a +3 leather armour of fire resistance and carrying a wand of flame (10) (almost dead, 79% to hit)
The blast of sand misses Ijyb.
Ijyb zaps a wand.
The puff of flame hits you!
You die...

Skill      XL: |  1  2  3  4  5  6 |
---------------+-------------------+-----
Earth Magic    | 4 5 6 |  6.2
Spellcasting   | 3 4 |  4.2
Conjurations   | 1 3 |  3.6
Dodging        | |  1.5
Stealth        | |  2.1
Transmutations | |  0.7

Action                     |  1- 3 |  4- 6 || total
---------------------------+-------+-------++-------
   Fire: Sling             |    58 |    88 ||   146
   Cast: Sandblast         |    46 |    81 ||   127
         Passwall          |       |     1 ||     1
    Use: Potion            |       |     1 ||     1
 Armour: Robe              |    10 |    33 ||    43
  Dodge: Dodged            |    12 |    40 ||    52

Levels and vault maps discovered:
D:1:      dpeg_arrival_lava_temple_mockup, layout_basic,
          hellmonk_ecumenical_altar_arch_garden, minmay_quantized
D:2:      layout_basic, serial_shops, shop, hangedman_decor_growths,
          minmay_tetromino_i2, uniq_natasha
D:3:      layout_loops_ring, nicolae_vehumet_altar_sigil,
          gammafunk_temple_overflow_pools, hangedman_decor_clover_reticule
D:4:      layout_loops_ring, uniq_ijyb

Notes
Turn   | Place    | Note
-------+----------+-------------------------------------------
     0 | D:1      | Sobieck the Gargoyle Earth Elementalist began the quest for
                  | the Orb.
     0 | D:1      | Reached XP level 1. HP: 10/10 MP: 3/3
    76 | D:1      | Found a faded altar of an unknown god.
   180 | D:1      | Reached XP level 2. HP: 15/15 MP: 3/5
   183 | D:1      | Reached skill level 4 in Earth Magic
   290 | D:1      | You pick up a book of Misfortune and begin reading...
   290 | D:1      | You add the spells Inner Flame, Yara's Violent Unravelling
                  | and Enfeeble to your library.
   531 | D:1      | Reached XP level 3. HP: 19/19 MP: 4/6
   656 | D:1      | You pick up a book of Displacement and begin reading...
   656 | D:1      | You add the spells Lesser Beckoning, Gell's Gravitas and
                  | Teleport Other to your library.
   885 | D:1      | Learned a level 3 spell: Stone Arrow
   999 | D:2      | Found Pacull's Jewellery Emporium.
  1054 | D:2      | Identified the +0 ring mail of Vubrax {Slay+3}
  1443 | D:2      | Reached skill level 3 in Spellcasting
  1443 | D:2      | Reached skill level 1 in Conjurations
  1443 | D:2      | Reached XP level 4. HP: 20/24 MP: 2/8
  1904 | D:2      | Noticed Natasha
  1912 | D:2      | Killed Natasha
  1913 | D:2      | Reached skill level 5 in Earth Magic
  1913 | D:2      | Reached XP level 5. HP: 28/28 MP: 4/9
  2021 | D:2      | Reached skill level 2 in Conjurations
  2040 | D:2      | Noticed Natasha
  2047 | D:2      | Killed Natasha
  2123 | D:3      | Learned a level 2 spell: Passwall
  2268 | D:3      | Noticed a water moccasin
  2271 | D:3      | Killed a water moccasin
  2272 | D:3      | Reached skill level 3 in Conjurations
  2272 | D:3      | Reached XP level 6. HP: 32/32 MP: 7/11
  2378 | D:3      | Reached skill level 4 in Spellcasting
  2562 | D:3      | Found a radiant altar of Vehumet.
  2967 | D:3      | Found a stormy altar of Qazlal.
  2967 | D:3      | Found a shadowy altar of Dithmenos.
  3148 | D:4      | Reached skill level 6 in Earth Magic
  3196 | D:4      | Identified the +1 robe "Noelauq" {+Inv}
  3448 | D:4      | Noticed Ijyb
  3482 | D:4      | HP: 6/32 [gnoll bouda/+0 whip (7)]
  3488 | D:4      | HP: 6/32 [Ijyb/+0 club (2)]
  3519 | D:4      | HP: 8/32 [Ijyb/puff of flame (6)]
  3520 | D:4      | Killed from afar by Ijyb

Vanquished Creatures
  A water moccasin (D:3)
  An orc priest (D:4)
  An orc wizard (D:3)
  Natasha (twice) (D:2)
  6 gnolls
  3 adders
  An ufetubus (D:4)
  4 worms
  2 dart slugs
  8 orcs
  10 bats
  6 endoplasms
  3 giant cockroaches
  8 goblins
  4 hobgoblins
  4 jackals (D:2)
  3 quokkas
  12 ball pythons
  6 frilled lizards
  7 kobolds
  9 rats
101 creatures vanquished.

Table legend:
 A = Non-vault XP
 B = Vault XP
 C = Vault XP percentage of total XP
 D = Non-vault monster count
 E = Vault monster count
 F = Vault count percentage of total count
                 A         B        C        D         E       F
            +---------+---------+-------+---------+---------+-------
      Total |     555 |      52 |   8.6 |      92 |       9 |   8.9
            +---------+---------+-------+---------+---------+-------
        D:1 |      31 |      13 |  29.5 |      20 |       6 |  23.1
        D:2 |     137 |      39 |  22.2 |      28 |       3 |   9.7
        D:3 |     263 |       0 |   0.0 |      28 |       0 |   0.0
        D:4 |     124 |       0 |   0.0 |      16 |       0 |   0.0
            +---------+---------+-------+---------+---------+-------

Illustrated notes

Table legend:
 A = Kills in this place as a percentage of kills in the entire game.
 B = Kills by you in this place as a percentage of kills by you in the entire game.
 C = Kills by friends in this place as a percentage of kills by friends in the entire game.
 D = Other kills in this place as a percentage of other kills in the entire game.
 E = Experience gained in this place as a percentage of experience gained in the entire game.
 F = Experience gained in this place divided by the number of levels of this place that you have seen.
                   A       B       C       D       E      F
               +-------+-------+-------+-------+-------+----------------------
         Total | 100.0 | 100.0 |   N/A |   N/A | 100.0 | 151.8
       Dungeon | 100.0 | 100.0 |   N/A |   N/A | 100.0 | 151.8
               +-------+-------+-------+-------+-------+----------------------

Table legend: (Time is in decaauts)
 A = Elapsed time spent in this place.
 B = Non-inter-level travel time spent in this place.
 C = Inter-level travel time spent in this place.
 D = Time resting spent in this place.
 E = Time spent auto-exploring this place.
 F = Levels seen in this place.
 G = Mean time per level.
                   A        B        C        D        E       F      G
               +--------+--------+--------+--------+--------+-----+--------+
         Total |   3649 |   3564 |     85 |    155 |   2731 |   4 |  912.2 |
       Dungeon |   3649 |   3564 |     85 |    155 |   2731 |   4 |  912.2 |
               +--------+--------+--------+--------+--------+-----+--------+

Top non-repeatable levels by time:
     D:2: 1123 daAuts
     D:1: 1064 daAuts
     D:3: 1034 daAuts
     D:4: 427 daAuts
